 Dungeon Crawl Stone Soup version 0.24.0-7-gb3623d2c88 (webtiles) character file.

Game seed: 6955265150943044866, levelgen mode: deterministic

29 Lanoc the Cudgeler (level 3, -7/26 HPs)
             Began as a Demonspawn Wanderer on Nov 2, 2019.
             Killed from afar by a smoke demon (16 damage)
             ... with a ball of steam
             ... on level 1 of the Abyss.
             The game lasted 00:02:10 (1309 turns).

Lanoc the Cudgeler (Demonspawn Wanderer)            Turns: 1309, Time: 00:02:11

Health: -7/26      AC: 10    Str: 15    XL:     3   Next: 1%
Magic:  0/3        EV: 11    Int: 12    God:
Gold:   67         SH:  0    Dex: 11    Spells: 2/2 levels left

rFire    . . .     SeeInvis .   c - +0 quarterstaff
rCold    . . .     Gourm    .   (shield currently unavailable)
rNeg     . . .     Faith    .   b - +2 scale mail
rPois    .         Spirit   +   (no helmet)
rElec    .         Reflect  .   (no cloak)
rCorr    .         Harm     .   (no gloves)
MR       .....                  (no boots)
Stlth    ..........             f - amulet of guardian spirit
HPRegen  0.08/turn              i - +2 ring of protection
MPRegen  0.08/turn              (no ring)

@: about to teleport
A: repulsion field 1, magic shield
a: no special abilities


You were on level 1 of the Abyss.
You were not hungry.

You visited 1 branch of the dungeon, and saw 2 of its levels.
You visited the Abyss 1 time.

You collected 67 gold pieces.

Inventory:

Hand Weapons
 a - a +0 mace
 c - a +0 quarterstaff (weapon)
Armour
 b - a +2 scale mail (worn)
Jewellery
 f - an amulet of guardian spirit (around neck)
 i - a +2 ring of protection (left hand)
Scrolls
 e - 3 scrolls of teleportation
 g - a scroll of identify
 k - a scroll of enchant armour {unknown}
 l - 2 scrolls of amnesia {unknown}
Potions
 h - 2 potions of haste
Comestibles
 d - 3 rations
 j - 3 chunks of flesh


   Skills:
 + Level 1.3 Fighting
 - Level 2.6(3.0) Maces & Flails
 - Level 1.7(2.5) Staves
 - Level 1.7 Throwing
 + Level 2.3 Armour
 + Level 1.7 Dodging


You had 2 spell levels left.
You didn't know any spells.
Your spell library was empty.

Dungeon Overview and Level Annotations

Branches:
Dungeon (2/15)

Altars:
Fedhas

Annotations:
D:2 Crazy Yiuf


Innate Abilities, Weirdness & Mutations

You are surrounded by a mild repulsion field. (EV +2)
When hurt, damage is shared between your health and your magic reserves.


Message History

Found 2 scrolls labeled BISYMIV COER.
The smoke demon roars!
Found 24 gold pieces.
Found a gateway leading deeper into the Abyss.
You see here 2 scrolls labeled BISYMIV COER.
l - 2 scrolls labeled BISYMIV COER
As you read the scroll labeled CUPTUH RUEMORCH, it crumbles to dust.
It is a scroll of identify.
h - 2 potions of haste
As you read the scroll labeled NOCROQ FIROTT, it crumbles to dust.
You feel strangely unstable.
You feel the power of the Abyss delaying your translocation!
It was a scroll of teleportation.
The smoke demon gestures at you. The ball of steam hits you!!
Ouch! That really hurt!
The smoke demon gestures at you. The ball of steam hits you!
Ouch! That really hurt!
You die...

#......♣.♣♣♣. # .. #
...## .♣.♣♣...#
#.....#♣.♣... ♣ .
#........ ...♣♣ ..
..... .. .... .. ...
#.# ....... .# ..#
#####..####... ..
#$##.##>######.#####
.... ...#§§@......#
#..#......3##########
##..####...#.#..#.
.... ##### ####. #


There were no monsters in sight!

Vanquished Creatures
  A dart slug (D:2)
  4 bats
  A giant cockroach (D:1)
  4 hobgoblins
  3 jackals (D:1)
  2 frilled lizards
  3 kobolds (D:1)
  8 rats
26 creatures vanquished.

Notes
Turn   | Place    | Note
-------+----------+-------------------------------------------
     0 | D:1      | Lanoc the Demonspawn Wanderer began the quest for the Orb.
     0 | D:1      | Lanoc set off with the following items: a +0 mace, a +2
                  | scale mail, a +0 quarterstaff, a ration
     0 | D:1      | Reached XP level 1. HP: 13/13 MP: 1/1
   225 | D:1      | Gained mutation: You are surrounded by a mild repulsion
                  | field. (EV +2) [demonic ancestry]
   225 | D:1      | Reached XP level 2. HP: 20/20 MP: 2/2
   249 | D:1      | Reached skill level 1 in Fighting
   479 | D:2      | Found a blossoming altar of Fedhas.
   516 | D:2      | Found a runed translucent door.
   517 | D:2      | Noticed Crazy Yiuf
  1208 | D:2      | Gained mutation: When hurt, damage is shared between your
                  | health and your magic reserves. [demonic ancestry]
  1208 | D:2      | Reached XP level 3. HP: 26/26 MP: 3/3
  1275 | D:2      | Cast into level 1 of the Abyss (Crazy Yiuf)
  1295 | Abyss:1  | Noticed a smoke demon
  1309 | Abyss:1  | Killed from afar by a smoke demon

Levels and vault maps discovered:
D:1:      dpeg_arrival_houses_and_road, layout_basic, minmay_cut_off
D:2:      layout_basic, fedhas_altar_fruit_tree, uniq_crazy_yiuf_cottage
Abyss:1:  hangedman_summoners_spam

Skill      XL: |  1  2 |
---------------+-------+-----
Armour         | 2 |  2.3
Fighting       | 1 |  1.3
Maces & Flails | |  2.6
Staves         | |  1.7
Throwing       | |  1.7
Dodging        | |  1.7

Action                   || total
-------------------------++-------
Melee: Mace              ||    42
       Quarterstaff      ||    40
  Use: Scroll            ||     2
  Eat: Chunk             ||     1
Armor: Scale mail        ||    50
Dodge: Dodged            ||    76
